 Dungeon Crawl Stone Soup version 0.29.0-4-gdea44cf6ec (webtiles) character file.

Game seed: 9577436672934276719

34 qw the Chopper (level 3, -2/21 HPs)
             Began as a Tengu Warper on Aug 28, 2022.
             Slain by a gnoll
             ... wielding a +0 whip
              (4 damage)
             ... on level 2 of the Dungeon.
             The game lasted 00:00:06 (1290 turns).

qw the Chopper (Tengu Warper)                       Turns: 1290, Time: 00:00:06

Health: -2/21      AC:  3    Str: 13    XL:     3   Next: 31%
Magic:  7/7        EV: 12    Int: 13    God:
Gold:   15         SH:  0    Dex: 13    Spells: 6/6 levels left

rFire   . . .      SeeInvis .   Y - +1 hand axe
rCold   . . .      Faith    .   (no shield)
rNeg    . . .      Spirit   .   b - +0 leather armour
rPois   .          Reflect  .   (helmet restricted)
rElec   .          Harm     .   (no cloak)
rCorr   .          Rampage  .   (no gloves)
Will    .....                   (boots unavailable)
Stlth   +.........              (no amulet)
HPRegen 0.07/turn               (no ring)
MPRegen 0.10/turn               (no ring)

@: no status effects
A: beak, talons 3
a: no special abilities


You were on level 2 of the Dungeon.
You visited 1 branch of the dungeon, and saw 2 of its levels.

You collected 15 gold pieces.


Innate Abilities, Weirdness & Mutations

You have a beak for a mouth.
You have claws for feet.


   Skills:
 - Level 2.0 Fighting
 + Level 4.0 Axes
 - Level 1.0 Throwing
 - Level 1.1 Armour
 - Level 2.1 Dodging
 - Level 2.0 Spellcasting
 - Level 2.4 Translocations


You had 6 spell levels left.
You didn't know any spells.
Your spell library contained the following spells:

 Spells                   Type           Power      Damage    Failure   Level
 Blink                    Tloc           14%        N/A       19%         2
 Gell's Gravitas          Tloc           7%         N/A       36%         3
 Lesser Beckoning         Tloc           7%         N/A       36%         3
 Teleport Other           Tloc           7%         N/A       36%         3
 Manifold Assault         Tloc           7%         N/A       98%         5

Inventory:

Hand Weapons
 e - a +0 flail
 Y - a +1 hand axe (weapon)
Armour
 b - a +0 leather armour (worn)
Jewellery
 a - a +6 ring of strength
Scrolls
 c - a scroll of teleportation {unknown}
 f - 2 scrolls of identify
Potions
 d - a potion of brilliance {unknown}
 l - a potion of curing {unknown}
 m - a potion of mutation {unknown}

Dungeon Overview and Level Annotations

Branches:
Dungeon (2/15)

Altars:

Shops:
D:1 [*=


Message History

You hit the quokka.
You kill the quokka!
Your Axes skill increases to level 4!
You start resting.
HP restored.
e - a +0 flail An endoplasm comes into view.
Enter note:
Enter note: The endoplasm quivers.
You hit the endoplasm.
The endoplasm is severely wounded.
The endoplasm closely misses you.
You hit the endoplasm.
You kill the endoplasm!
1255 ||| DROPPING +0 club.
You drop a +0 club.
f - 2 scrolls of identify (gained 1)
A goblin comes into view. It is wielding a +0 dagger.
The goblin shouts!
You hit the goblin.
You kill the goblin!
Things that are here:
a +0 dagger; a goblin corpse 2 gnolls come into view.
The gnoll shouts!
You hear a shout!
1286 ||| Stepping ~*~*~tactically~*~*~ (stealth).
You slash the gnoll! You claw the gnoll.
The gnoll is almost dead.
The gnoll hits you with a +0 flail!
You hit the gnoll but do no damage.
The gnoll is almost dead.
You hit the gnoll but do no damage.
The gnoll is almost dead.
You hit the gnoll. The gnoll hits you with a +0 flail.
The gnoll hits you with a +0 whip!
You hit the gnoll.
You kill the gnoll!
You closely miss the gnoll. The gnoll hits you with a +0 whip.
You die...

#.........#..#.........
#########.#..####..#.#.
#)#..###.. #.#.
#.#..#...#+#.#.
##########...........#}#
........#..........#..#.
........#..#......#}#...
....$......#..#.#..#..#.
.....(.@)#....##}#...#}#
#######g#####.#.#..#..#.
#.# ###.....#}#... ...
......#..#..#. ....
.....#}#...#}#
....######..#..#..#.
.#.### ###....#}#...
K... #.......#..#.
#.###.....#}#


You could see a gnoll.

Vanquished Creatures
  A gnoll (D:2)
  An adder (D:2)
  A ball python (D:1)
  2 endoplasms
  2 giant cockroaches (D:1)
  2 goblins
  3 jackals (D:1)
  A kobold (D:1)
  3 quokkas
  3 bats (D:1)
  A frilled lizard (D:1)
  3 rats
23 creatures vanquished.

Notes
Turn   | Place    | Note
-------+----------+-------------------------------------------
     0 | D:1      | qw the Tengu Warper began the quest for the Orb.
     0 | D:1      | Reached XP level 1. HP: 12/12 MP: 4/4
     0 | D:1      | 0 ||| qw: Version: 0.1-a-89-g26bdef1
     0 | D:1      | 0 ||| qw: Game counter: 331
     0 | D:1      | 0 ||| qw: Always use a shield: true
     0 | D:1      | 0 ||| qw: God list: Okawaru
     0 | D:1      | 0 ||| qw: Allow faded altars: false
     0 | D:1      | 0 ||| qw: Do Orc after D:15 true
     0 | D:1      | 0 ||| qw: Do second Lair branch before Depths: true
     0 | D:1      | 0 ||| qw: Lair rune preference: random
     0 | D:1      | 0 ||| qw: Plans: Normal
     0 | D:1      | 0 ||| PLANNING D:1-11
    61 | D:1      | Found Ogerph's Jewellery Shoppe.
    67 | D:1      | 67 ||| SHOPLISTING ring of fire (325 gold, have 0).
    67 | D:1      | 67 ||| SHOPLISTING ring of poison resistance (260 gold,
                  | have 0).
    67 | D:1      | 67 ||| SHOPLISTING ring of positive energy (260 gold, have
                  | 0).
    67 | D:1      | 67 ||| SHOPLISTING ring of protection from fire (325 gold,
                  | have 0).
   409 | D:1      | Reached XP level 2. HP: 16/17 MP: 6/6
   429 | D:1      | Reached skill level 3 in Axes
   718 | D:1      | Found a faded altar of an unknown god.
   745 | D:1      | 745 ||| Stepping ~*~*~tactically~*~*~ (stealth).
   772 | D:1      | Found Dedapir's Assorted Antiques.
   780 | D:1      | 780 ||| SHOPLISTING bubbling black potion (25 gold, have
                  | 0).
   780 | D:1      | 780 ||| SHOPLISTING orange potion (25 gold, have 0).
   780 | D:1      | 780 ||| SHOPLISTING pair of gloves (126 gold, have 0).
   780 | D:1      | 780 ||| SHOPLISTING ring mail (112 gold, have 0).
   780 | D:1      | 780 ||| SHOPLISTING scroll labelled MUXZIAH LOQU (28 gold,
                  | have 0).
   876 | D:1      | Found Koczuudy's Armour Boutique.
   885 | D:1      | 885 ||| SHOPLISTING +0 cloak of preservation (138 gold,
                  | have 0).
   885 | D:1      | 885 ||| SHOPLISTING +0 leather armour of poison resistance
                  | (72 gold, have 0).
   885 | D:1      | 885 ||| SHOPLISTING +0 scale mail (48 gold, have 0).
   944 | D:1      | 944 ||| READING scroll labelled ICIONUADGHI.
   945 | D:1      | 945 ||| READING 2 scrolls labelled UCVADEOTEA.
   946 | D:1      | 946 ||| READING scroll labelled HONARA FELAU.
   947 | D:1      | 947 ||| READING scroll labelled KUFITR XEHUI.
   948 | D:1      | 948 ||| READING 2 scrolls labelled VETTOME JIMU.
   949 | D:1      | 949 ||| READING scroll labelled VAEXYE BUTOSOGRO.
   950 | D:1      | 950 ||| DROPPING scroll of blinking.
   951 | D:1      | 951 ||| DROPPING scroll of vulnerability.
  1078 | D:2      | Reached XP level 3. HP: 21/21 MP: 7/7
  1098 | D:2      | 1098 ||| Stepping ~*~*~tactically~*~*~ (stealth).
  1100 | D:2      | 1100 ||| Stepping ~*~*~tactically~*~*~ (stealth).
  1111 | D:2      | 1111 ||| Stepping ~*~*~tactically~*~*~ (stealth).
  1137 | D:2      | Reached skill level 4 in Axes
  1255 | D:2      | 1255 ||| DROPPING +0 club.
  1286 | D:2      | 1286 ||| Stepping ~*~*~tactically~*~*~ (stealth).
  1289 | D:2      | HP: 2/21 [gnoll/+0 whip (7)]
  1290 | D:2      | Slain by a gnoll

Levels and vault maps discovered:
D:1:      nicolae_arrival_memento_mori, layout_loops_corners,
          shapermc_ecumenical_altar_totnotflames, serial_shops,
          nicolae_shop_trees, shop, nicolae_lakefront_shop
D:2:      layout_basic, kennysheep_doodads, item_on_display_a

Skill      XL: |  1  2  3 |
---------------+----------+-----
Axes           | 3 4 |  4.0
Fighting       | |  2.0
Throwing       | |  1.0
Armour         | |  1.1
Dodging        | |  2.1
Spellcasting   | |  2.0
Translocations | |  2.4

Action                   || total
-------------------------++-------
Melee: Hand axe          ||    51
       Kick              ||    14
       Peck              ||     6
       Punch             ||     1
Throw: Boomerang         ||     7
  Use: Scroll            ||     6
Armor: Leather armour    ||     9
Dodge: Dodged            ||    33

Table legend:
 A = Non-vault XP
 B = Vault XP
 C = Vault XP percentage of total XP
 D = Non-vault monster count
 E = Vault monster count
 F = Vault count percentage of total count
                 A         B        C        D         E       F
            +---------+---------+-------+---------+---------+-------
      Total |      64 |       0 |   0.0 |      23 |       0 |   0.0
            +---------+---------+-------+---------+---------+-------
        D:1 |      29 |       0 |   0.0 |      17 |       0 |   0.0
        D:2 |      35 |       0 |   0.0 |       6 |       0 |   0.0
            +---------+---------+-------+---------+---------+-------
